 Dungeon Crawl Stone Soup version 0.29.0-4-gdea44cf6ec (webtiles) character file.

Game seed: 12512124538319792276

123 qw the Ruffian (level 5, 0/41 HPs)
             Began as a Ghoul Fire Elementalist on Aug 29, 2022.
             Slain by Terence
             ... wielding a +0 flail
              (6 damage)
             ... on level 3 of the Dungeon.
             The game lasted 00:02:35 (3417 turns).

qw the Ruffian (Ghoul Fire Elementalist)            Turns: 3417, Time: 00:02:35

Health: 0/41       AC:  9    Str: 14    XL:     5   Next: 7%
Magic:  6/6        EV:  6    Int: 10    God:
Gold:   108        SH:  0    Dex:  9    Spells: 6/7 levels left

rFire   . . .      SeeInvis .     - Unarmed
rCold   + . .      Faith    .   (no shield)
rNeg    + + +      Spirit   .   i - +0 chain mail
rPois   inf        Reflect  .   (no helmet)
rElec   .          Harm     .   (no cloak)
rCorr   .          Rampage  .   e - +0 pair of gloves
Will    .....                   (no boots)
Stlth   ..........              (no amulet)
HPRegen 0.00/turn               (no ring)
MPRegen 0.10/turn               (no ring)

@: inhibited regen
A: claws 1, cold resistance 1, negative energy resistance 3, inhibited
regeneration, torment resistance 2, devour on kill
a: no special abilities


You were on level 3 of the Dungeon.
You visited 1 branch of the dungeon, and saw 3 of its levels.

You collected 108 gold pieces.


Innate Abilities, Weirdness & Mutations

You are immune to poison.
You have sharp fingernails.
Your flesh is cold resistant. (rC+)
You are immune to negative energy. (rN+++)
You do not regenerate when monsters are visible.
You are immune to unholy pain and torment.
You thrive by killing the living.


   Skills:
 + Level 1.9 Fighting
 - Level 1.2 Armour
 - Level 1.7 Dodging
 - Level 2.1 Stealth
 - Level 4.0 Unarmed Combat
 - Level 1.7 Spellcasting
 - Level 0.7 Conjurations
 - Level 2.4 Fire Magic


You had 6 spell levels left.
You knew the following spells:

 Your Spells              Type           Power      Damage    Failure   Level
a - Foxfire               Conj/Fire      16%        2x1d4     99%         1

Your spell library contained the following spells:

 Spells                   Type           Power      Damage    Failure   Level
 Scorch                   Fire           10%        2d6       99%         2
 Conjure Flame            Conj/Fire      4%         6-21      100%        3
 Inner Flame              Hex/Fire       3%         N/A       100%        3
 Flame Wave               Conj/Fire      4%         2d5       100%        4

Inventory:

Armour
 e - a +0 pair of gloves (worn)
 i - a +0 chain mail (worn)
Scrolls
 b - a scroll of acquirement {unknown}
 h - 2 scrolls of identify
Potions
 a - a potion of flight {unknown}
 c - a potion of degeneration {unknown}
 f - a potion of might {unknown}

Dungeon Overview and Level Annotations

Branches:
Dungeon (3/15)

Altars:

Annotations:
D:3 Terence


Message History

The goblin shoots a sling bullet.
The sling bullet barely misses you.
The goblin shoots a sling bullet.
The sling bullet barely misses you.
The goblin shoots a sling bullet.
The sling bullet hits you but does no damage.
The goblin shoots a sling bullet.
The sling bullet barely misses you.
You closely miss the goblin. You hit the goblin.
You kill the goblin!
Things that are here:
a +0 sling; a +0 dagger
Found a stone staircase leading down.
Enter note:
Found a leather armour.
Terence the Incautious comes into view.
He is wielding a +0 flail and carrying a wand of flame (13).
Terence shouts!
Terence zaps a wand.
The puff of flame hits you.
You see here 11 gold pieces.
Found a stone staircase leading up.
Terence zaps a wand.
The puff of flame hits you!
Enter note: Terence hits you but does no damage.
A hobgoblin comes into view.
You hit Terence but do no damage. You barely miss Terence.
Terence hits you with a +0 flail!
You hit Terence but do no damage. Terence hits you with a +0 flail.
You hit Terence but do no damage. Terence hits you but does no damage.
You punch Terence!
Terence is moderately wounded.
Terence hits you with a +0 flail.
You hit Terence.
Terence is heavily wounded.
Terence hits you with a +0 flail.
You hit Terence.
Terence is almost dead.
Terence says, "How do you enjoy it?" Terence hits you with a +0 flail.
You die...

##.## #..........
#..### #..########
##...# #..#
###.#### #..#
#.#.. #..# #.#.#
#### #..#
#.#.####...# #..#
#..>.......# #..#
[.......#..$.@@..#
#######.#......g.#
#.#.####'#.# #.#.#
.# # #.#.# ..
#.#.# .#< #.#.#
.... #.# .# ##


You could see Terence and a hobgoblin.

Vanquished Creatures
  Jessica (D:2)
  4 adders (D:2)
  A dart slug (D:1)
  3 bats
  3 endoplasms
  2 giant cockroaches (D:1)
  9 goblins
  6 hobgoblins
  4 jackals (D:1)
  4 kobolds
  4 quokkas
  8 ball pythons
  A frilled lizard (D:2)
  5 rats
55 creatures vanquished.

Notes
Turn   | Place    | Note
-------+----------+-------------------------------------------
     0 | D:1      | qw the Ghoul Fire Elementalist began the quest for the Orb.
     0 | D:1      | Reached XP level 1. HP: 14/14 MP: 2/2
     0 | D:1      | 0 ||| qw: Version: 0.1-a-90-g952f4b7
     0 | D:1      | 0 ||| qw: Game counter: 3993
     0 | D:1      | 0 ||| qw: Always use a shield: true
     0 | D:1      | 0 ||| qw: God list: Okawaru
     0 | D:1      | 0 ||| qw: Allow faded altars: false
     0 | D:1      | 0 ||| qw: Do Orc after D:15 true
     0 | D:1      | 0 ||| qw: Do second Lair branch before Depths: true
     0 | D:1      | 0 ||| qw: Lair rune preference: random
     0 | D:1      | 0 ||| qw: Plans: Normal
     0 | D:1      | 0 ||| PLANNING D:1-11
    36 | D:1      | HP: 3/14 [constriction (1)]
   317 | D:1      | 317 ||| Stepping ~*~*~tactically~*~*~ (stealth).
   328 | D:1      | Reached skill level 1 in Unarmed Combat
   672 | D:1      | Reached skill level 1 in Fighting
   672 | D:1      | Reached XP level 2. HP: 23/23 MP: 3/3
   713 | D:1      | Found a faded altar of an unknown god.
   971 | D:1      | 971 ||| Stepping ~*~*~tactically~*~*~ (stealth).
   973 | D:1      | 973 ||| Stepping ~*~*~tactically~*~*~ (stealth).
   978 | D:1      | 978 ||| Stepping ~*~*~tactically~*~*~ (stealth).
   980 | D:1      | 980 ||| Stepping ~*~*~tactically~*~*~ (stealth).
   986 | D:1      | Reached skill level 2 in Unarmed Combat
  1017 | D:1      | 1017 ||| Stepping ~*~*~tactically~*~*~ (stealth).
  1018 | D:1      | 1018 ||| Stepping ~*~*~tactically~*~*~ (stealth).
  1032 | D:1      | 1032 ||| Stepping ~*~*~tactically~*~*~ (stealth).
  1034 | D:1      | 1034 ||| Stepping ~*~*~tactically~*~*~ (stealth).
  1216 | D:1      | 1216 ||| Stepping ~*~*~tactically~*~*~ (stealth).
  1217 | D:1      | 1217 ||| Stepping ~*~*~tactically~*~*~ (stealth).
  1407 | D:1      | Reached XP level 3. HP: 27/28 MP: 4/4
  1767 | D:1      | 1767 ||| Stepping ~*~*~tactically~*~*~ (outnumbered).
  1860 | D:1      | 1860 ||| UPGRADING to +0 pair of gloves.
  1865 | D:1      | 1865 ||| UPGRADING to +0 scale mail.
  1875 | D:1      | 1875 ||| DROPPING +0 robe.
  1876 | D:1      | 1876 ||| UPGRADING to +0 chain mail.
  1886 | D:1      | 1886 ||| DROPPING +0 scale mail.
  1887 | D:1      | 1887 ||| READING scroll labelled PYEHEL KEG.
  1888 | D:1      | 1888 ||| READING scroll labelled QUTADI GEAFEKH.
  1889 | D:1      | 1889 ||| READING 2 scrolls labelled OTWEUS ZIMPI.
  1890 | D:1      | 1890 ||| READING scroll labelled GIJAGI CYSETSI.
  1891 | D:1      | 1891 ||| DROPPING potion of magic.
  1937 | D:2      | Noticed Jessica
  1948 | D:2      | 1948 ||| FLEEEEING.
  1949 | D:2      | 1949 ||| FLEEEEING.
  1950 | D:2      | 1950 ||| FLEEEEING.
  1953 | D:2      | 1953 ||| FLEEEEING.
  1978 | D:2      | 1978 ||| Stepping ~*~*~tactically~*~*~ (hiding).
  1985 | D:2      | Killed Jessica
  1986 | D:2      | Reached skill level 3 in Unarmed Combat
  1986 | D:2      | Reached XP level 4. HP: 28/35 MP: 5/5
  2147 | D:2      | 2147 ||| FLEEEEING.
  2148 | D:2      | 2148 ||| FLEEEEING.
  2149 | D:2      | 2149 ||| FLEEEEING.
  2150 | D:2      | 2150 ||| FLEEEEING.
  2151 | D:2      | 2151 ||| FLEEEEING.
  2152 | D:2      | 2152 ||| FLEEEEING.
  2153 | D:2      | 2153 ||| FLEEEEING.
  2154 | D:2      | 2154 ||| FLEEEEING.
  2155 | D:2      | 2155 ||| FLEEEEING.
  2156 | D:2      | 2156 ||| FLEEEEING.
  2157 | D:2      | 2157 ||| FLEEEEING.
  2158 | D:2      | 2158 ||| FLEEEEING.
  2159 | D:2      | 2159 ||| FLEEEEING.
  2160 | D:2      | 2160 ||| FLEEEEING.
  2161 | D:2      | 2161 ||| FLEEEEING.
  2162 | D:2      | 2162 ||| FLEEEEING.
  2163 | D:2      | 2163 ||| FLEEEEING.
  2164 | D:2      | 2164 ||| FLEEEEING.
  2165 | D:2      | 2165 ||| FLEEEEING.
  2166 | D:2      | 2166 ||| FLEEEEING.
  2167 | D:2      | 2167 ||| FLEEEEING.
  2168 | D:2      | 2168 ||| FLEEEEING.
  2169 | D:2      | 2169 ||| FLEEEEING.
  2170 | D:2      | 2170 ||| FLEEEEING.
  2171 | D:2      | 2171 ||| FLEEEEING.
  2172 | D:2      | 2172 ||| FLEEEEING.
  2286 | D:2      | 2286 ||| Stepping ~*~*~tactically~*~*~ (stealth).
  2288 | D:2      | Reached skill level 1 in Armour
  2477 | D:2      | Reached skill level 4 in Unarmed Combat
  2837 | D:2      | Reached XP level 5. HP: 40/40 MP: 6/6
  3099 | D:2      | 3099 ||| READING scroll labelled NOCVOG PAUF.
  3100 | D:2      | 3100 ||| READING scroll labelled MIZAMU VEMEIXTYW.
  3101 | D:2      | 3101 ||| READING scroll labelled BOIDWEGURY.
  3349 | D:3      | 3349 ||| Stepping ~*~*~tactically~*~*~ (stealth).
  3350 | D:3      | 3350 ||| Stepping ~*~*~tactically~*~*~ (stealth).
  3406 | D:3      | Noticed Terence
  3416 | D:3      | HP: 6/41 [Terence/+0 flail (5)]
  3417 | D:3      | Slain by Terence

Levels and vault maps discovered:
D:1:      dpeg_arrival_rooms_with_view, layout_loops_cross,
          shapermc_ecumenical_altar_ellora, st_stairs_2
D:2:      layout_basic, uniq_jessica
D:3:      layout_basic, mainiacjoe_overflow_brackets,
          nemelex_diamond_rough_becter, uniq_terence

Skill      XL: |  1  2  3  4 |
---------------+-------------+-----
Unarmed Combat | 1 2 3 4 |  4.0
Fighting       | 1 |  1.9
Armour         | 1 |  1.2
Dodging        | |  1.7
Stealth        | |  2.1
Spellcasting   | |  1.7
Conjurations   | |  0.7
Fire Magic     | |  2.4

Action                   |  1- 3 |  4- 6 || total
-------------------------+-------+-------++-------
Melee: Unarmed           |   129 |   141 ||   270
       Punch             |       |     3 ||     3
  Use: Scroll            |     4 |     3 ||     7
Armor: Robe              |    26 |       ||    26
       Chain mail        |    11 |    85 ||    96
Dodge: Dodged            |    55 |    31 ||    86

Table legend:
 A = Non-vault XP
 B = Vault XP
 C = Vault XP percentage of total XP
 D = Non-vault monster count
 E = Vault monster count
 F = Vault count percentage of total count
                 A         B        C        D         E       F
            +---------+---------+-------+---------+---------+-------
      Total |     134 |      42 |  23.9 |      50 |       5 |   9.1
            +---------+---------+-------+---------+---------+-------
        D:1 |      44 |       5 |  10.2 |      24 |       4 |  14.3
        D:2 |      84 |      37 |  30.6 |      23 |       1 |   4.2
        D:3 |       6 |       0 |   0.0 |       3 |       0 |   0.0
            +---------+---------+-------+---------+---------+-------
